Map: 이스트와치 - 래더

Players

JinairRogue (Rogue) - Winner!

  • Race: Zerg Zerg
  • Spawn Location: 7:00

Gentleprobe (Cyan)

  • Race: Protoss Protoss
  • League: Master
  • Spawn Location: 1:00

Event: 2018 Hangzhou StarCraft Carnival

VOD

Have the link to the VOD?

Description

Time

  • Played on: April 29, 2018, 2:52 a.m.
  • Length: 9:23

All games in this series

Show
View Real Time Build Order
Export as new Build Order

JinairRogue Zerg - Winner!

Build Orders: Hatch First 

Get SALT Encoding   

  12  0:00  Drone  
  13  0:12  Overlord  
  13  0:16  Drone  
  14  0:31  Drone x2  
  14  0:34  Drone  
  17  0:53  Hatchery  
  17  0:55  Drone  
  17  0:57  Drone  
  18  1:08  Extractor  
  17  1:12  Spawning Pool  
  17  1:15  Drone  
  17  1:19  Drone  
  18  1:28  Drone  
  19  1:39  Drone  
  20  1:50  Drone  
  21  1:54  Hatchery  
  21  2:00  Drone  
  21  2:05  Queen  
  23  2:09  Drone  
  23  2:10  Drone  
  25  2:16  Metabolic Boost  
  25  2:20  Drone  
  26  2:26  Overlord  
  26  2:30  Drone  
  26  2:32  Drone  
  28  2:43  Queen x2  
  32  2:46  Drone  
  33  2:52  Zergling x4  
  33  2:54  Zergling x2  
  36  3:07  Zergling x4  
  36  3:08  Queen  
  36  3:09  Overlord  
  40  3:13  Drone x2  
  42  3:30  Drone x7  
  49  3:35  Evolution Chamber  
  49  3:38  Overlord  
  49  3:39  Drone  
  48  3:42  Overlord  
  48  3:47  Drone  
  49  3:56  Overlord  
  49  4:00  Drone x7  
  54  4:05  Zergling x2  
  54  4:06  Zergling x2  
  55  4:11  Zerg Melee Weapons Level 1  
  55  4:14  Baneling Nest  
  55  4:15  Zergling x6  
  57  4:17  Extractor  
  57  4:23  Zergling x4  
  58  4:28  Drone x3  
  58  4:29  Drone, Overlord  
  62  4:33  Queen  
  62  4:34  Overlord x2  
  64  4:40  Extractor  
  63  4:48  Zergling x4  
  65  4:53  Spore Crawler, Spine Crawler x2  
  65  4:57  Zergling x16  
  70  5:03  Lair  
  70  5:06  Drone x2  
  70  5:09  Zergling x2  
  70  5:10  Zergling x4  
  71  5:14  Zergling x4  
  71  5:16  Zergling x2  
  71  5:19  Drone  
  74  5:22  Zergling x4  
  74  5:24  Zergling x4  
  74  5:26  Zergling x6  
  77  5:29  Zergling x2  
  77  5:31  Baneling x5  
  77  5:34  Zergling x2  
  78  5:35  Zergling x2  
  78  5:36  Zergling x2  
  78  5:39  Overlord  
  78  5:40  Zergling x2  
  78  5:41  Zergling x2  
  77  5:44  Baneling x2  
  77  5:45  Zergling x4  
  77  5:49  Drone  
  76  5:52  Drone  
  76  5:54  Overlord  
  76  5:58  Queen  
  76  6:00  Overlord  
  76  6:03  Baneling x3  
  76  6:13  Drone x5  
  76  6:14  Drone x2  
  81  6:19  Overseer, Spore Crawler  
  81  6:22  Zergling x2, Baneling  
  79  6:33  Spine Crawler  
  79  6:37  Roach Warren  
  79  6:38  Zergling x2  
  79  6:39  Zergling x18  
  81  6:42  Zergling x4  
  81  6:44  Baneling x2  
  82  6:47  Queen  
  82  6:50  Zergling x4  
  82  6:53  Drone  
  84  6:55  Queen  
  84  6:59  Overseer  
  86  7:07  Spine Crawler  
  81  7:10  Zergling x2  
  81  7:11  Zergling x16  
  81  7:14  Zergling x2  
  89  7:19  Zergling x8  
  89  7:21  Queen  
  95  7:23  Overlord  
  95  7:26  Zergling x2  
  96  7:30  Zergling x2  
  96  7:32  Baneling x6, Glial Reconstitution  
  96  7:34  Baneling x7  
  96  7:35  Baneling  
  97  7:39  Zergling x6  
  100  7:46  Roach x2  
  100  7:47  Roach x2, Overlord  
  108  7:53  Baneling x9  
  108  7:57  Extractor  
  107  8:03  Overlord x2  
  97  8:17  Roach x6  
  108  8:20  Roach x2  
  108  8:22  Roach  
  108  8:23  Roach x2  
  108  8:24  Roach  
  108  8:27  Roach x2  
  122  8:41  Zergling x16  
  130  8:51  Zergling x2  
  130  8:54  Baneling x9  
  130  8:57  Overlord  
  130  9:00  Hatchery  
  130  9:02  Zergling x2  
  129  9:08  Overseer x2  
Show
View Real Time Build Order
Export as new Build Order

Gentleprobe Protoss 

Build Orders: Nexus First, Zealot Archon 

Get SALT Encoding   

  12  0:01  Probe  
  13  0:13  Probe  
  14  0:18  Pylon  
  14  0:25  Probe  
  15  0:33  Probe  
  15  0:41  Probe  
  17  0:52  Probe  
  18  1:02  Nexus  
  18  1:12  Gateway  
  18  1:15  Probe  
  19  1:21  Assimilator  
  19  1:27  Probe  
  19  1:30  Assimilator  
  20  1:39  Probe  
  21  1:42  Gateway  
  21  1:51  Probe  
  22  1:59  Cybernetics Core  
  22  2:03  Probe  
  23  2:10  Probe  
  23  2:15  Probe  
  25  2:18  Probe  
  26  2:26  Pylon, Adept x2  
  26  2:27  Probe  
  26  2:28  Probe  
  32  2:37  Warp Gate  
  32  2:39  Probe  
  32  2:41  Probe  
  34  2:49  Twilight Council  
  34  2:51  Probe  
  34  2:53  Probe  
  36  2:59  Stalker  
  36  3:03  Probe  
  36  3:05  Probe  
  40  3:09  Adept  
  42  3:16  Probe  
  42  3:19  Charge  
  43  3:22  Robotics Facility  
  43  3:24  Probe  
  44  3:28  Probe  
  44  3:31  Pylon  
  45  3:36  Probe  
  45  3:40  Probe  
  45  3:48  Probe  
  46  3:50  Gateway x2  
  46  3:52  Probe  
  47  4:01  Probe  
  46  4:02  Assimilator  
  46  4:04  Gateway, Assimilator  
  46  4:05  Warp Prism  
  46  4:06  Gateway  
  47  4:10  Probe  
  49  4:22  Dark Shrine  
  49  4:23  Pylon  
  49  4:24  Probe  
  49  4:26  Probe  
  49  4:30  Pylon  
  51  4:32  Warp Prism  
  51  4:41  Zealot x2  
  57  4:49  Zealot  
  57  4:50  Zealot  
  61  5:06  Zealot  
  61  5:07  Zealot x3  
  65  5:15  Zealot x2  
  65  5:19  Shield Battery  
  67  5:27  Zealot  
  67  5:28  Zealot  
  69  5:33  Pylon  
  69  5:34  Pylon  
  69  5:35  Pylon  
  63  5:52  Nexus  
  63  5:56  Dark Templar x4  
  69  6:00  Sentry  
  71  6:09  Pylon  
  71  6:11  Pylon  
  67  6:13  Zealot  
  62  6:24  Zealot  
  57  6:25  Dark Templar  
  57  6:30  Zealot, Dark Templar  
  59  6:35  Zealot  
  54  6:56  Probe  
  54  7:00  Probe  
  56  7:11  Sentry  
  56  7:14  Archon  
  53  7:18  Dark Templar  
  53  7:21  Probe  
  55  7:28  Archon  
  55  7:30  Dark Templar  
  55  7:31  Probe  
  55  7:32  Probe  
  55  7:33  Archon  
  59  7:39  Probe  
  59  7:40  Probe  
  61  7:49  Probe  
  61  7:53  Probe, Dark Templar  
  65  8:01  Probe  
  63  8:05  Probe  
  63  8:07  Zealot x2  
  60  8:13  Zealot, Probe  
  60  8:18  Sentry  
  63  8:22  Archon  
  63  8:24  Zealot  
  63  8:29  Zealot  
  52  8:41  Probe  
  52  8:42  Zealot x2, Probe  
  58  8:49  Probe  
  58  8:50  Probe  
  58  8:52  Sentry  
  62  8:58  Probe  
  63  9:05  Zealot x3  
  63  9:09  Probe  
  54  9:18  Zealot  
Tags
 
Add a new tag
Caveats
  • Supply blocks, unpowered buildings, or Contaminate may cause inaccurate times.
  • Supply counts are checked every 10 seconds.